 Dungeon Crawl Stone Soup version 0.28-a0-95-g65e1ffefe4 (webtiles) character file.

Game seed: 651693877973480616

5 Leeroy the Insei (level 1, -1/15 HPs)
             Began as a Merfolk Transmuter on Aug 8, 2021.
             Slain by a hobgoblin (2 damage)
             ... on level 1 of the Dungeon.
             The game lasted 00:00:12 (137 turns).

Leeroy the Insei (Merfolk Transmuter)                Turns: 137, Time: 00:00:13

Health: -1/15      AC:  2    Str: 10    XL:     1   Next: 80%
Magic:  2/3        EV: 12    Int: 12    God:
Gold:   0          SH:  0    Dex: 14    Spells: 3/4 levels left

rFire   . . .      SeeInvis .     - Unarmed
rCold   . . .      Faith    .   (no shield)
rNeg    . . .      Spirit   .   a - +0 robe
rPois   .          Reflect  .   (helmet currently unavailable)
rElec   .          Harm     .   (no cloak)
rCorr   .          Rampage  .   (no gloves)
Will    .....                   (boots currently unavailable)
Stlth   +.........              (no amulet)
HPRegen 0.05/turn               (no ring)
MPRegen 0.08/turn               (no ring)

@: appendages (expiring)
A: horns 2, (nimble swimmer 2), mertail
a: End Transformation


You were on level 1 of the Dungeon.
You had temporarily grown beastly horns.
You visited 1 branch of the dungeon, and saw 1 of its levels.

Inventory:

Armour
 a - a +0 robe (worn)
Potions
 b - a potion of degeneration {unknown}


   Skills:
 - Level 1.1 Fighting
 - Level 2.6 Dodging
 + Level 3.7 Unarmed Combat
 - Level 2.0 Spellcasting
 - Level 2.6 Transmutations


You had 3 spell levels left.
You knew the following spells:

 Your Spells              Type           Power      Damage    Failure   Level
a - Beastly Appendage     Tmut           14%        N/A       9%          1

Your spell library contained the following spells:

 Spells                   Type           Power      Damage    Failure   Level
 Wereblood                Tmut           7%         N/A       14%         2
 Spider Form              Tmut/Pois      2%         N/A       43%         3
 Ice Form                 Ice/Tmut       4%         N/A       83%         4


Dungeon Overview and Level Annotations

Branches:
Dungeon (1/15)

Altars:


Innate Abilities, Weirdness & Mutations

You have temporarily grown beastly horns.
((You are quick and stealthy near water. (Stealth+, EV+, Speed+++)))
Your lower body shifts to a powerful aquatic tail in water.


Message History

No target in view!
No target in view!
No target in view!
No target in view!
No target in view!
Your magical contamination has completely faded away.
Your transformation is almost over.
Your horns disappear.
Magic restored.
HP restored.
You open the door.
There is an open door here.
b - a gluggy blue potion A hobgoblin comes into view.
The hobgoblin shouts!
You hear a shout!
A hobgoblin comes into view.
Casting: Beastly Appendage (safe; 9% risk of failure)
Confirm with . or Enter, or press ? or * to list all spells.
You grow a pair of large bovine horns.
The hobgoblin hits you.
You hit the hobgoblin.
You headbutt the hobgoblin, but do no damage.
The hobgoblin is almost dead.
The hobgoblin hits you.
You hit the hobgoblin.
You kill the hobgoblin!
You barely miss the hobgoblin.
Your transformation is almost over.
The hobgoblin completely misses you.
You hit the hobgoblin.
The hobgoblin is moderately wounded.
The hobgoblin hits you.
* * * LOW HITPOINT WARNING * * *
You barely miss the hobgoblin.
The hobgoblin is moderately wounded.
The hobgoblin hits you.
* * * LOW HITPOINT WARNING * * *
You hit the hobgoblin but do no damage.
The hobgoblin is moderately wounded.
The hobgoblin hits you.
You die...

##. ..# #.# ## +
#.# .# ####
#.#.#..## ...#
###.. #.#.#...#
.#.# #....#
#.g...# .#.#
#....# #@# # #
.#.#
#....#####.#.#...#
.#.#
#....#............
.#.#
#....#.#######...#
##.# #....#.# ..
...# #....'.# .###
#....### .#
###...#
.##########.#


You could see a hobgoblin.

Vanquished Creatures
  A hobgoblin (D:1)
  3 jackals (D:1)
4 creatures vanquished.

Notes
Turn   | Place    | Note
-------+----------+-------------------------------------------
     0 | D:1      | Leeroy the Merfolk Transmuter began the quest for the Orb.
     0 | D:1      | Reached XP level 1. HP: 15/15 MP: 3/3
   137 | D:1      | Slain by a hobgoblin

Illustrated notes

Levels and vault maps discovered:
D:1:      dpeg_arrival_water_altar, layout_basic

Action                   || total
-------------------------++-------
Melee: Unarmed           ||    11
       Headbutt          ||     1
 Cast: Beastly Appendage ||     2
Dodge: Dodged            ||     9

Table legend: (Time is in decaauts)
 A = Elapsed time spent in this place.
 B = Non-inter-level travel time spent in this place.
 C = Inter-level travel time spent in this place.
 D = Time resting spent in this place.
 E = Time spent auto-exploring this place.
 F = Levels seen in this place.
 G = Mean time per level.
                   A        B        C        D        E       F      G
               +--------+--------+--------+--------+--------+-----+--------+
         Total |    136 |    136 |      0 |      0 |    120 |   1 |  136.0 |
       Dungeon |    136 |    136 |      0 |      0 |    120 |   1 |  136.0 |
               +--------+--------+--------+--------+--------+-----+--------+

Top non-repeatable levels by time:
     D:1: 136 daAuts
